 Dungeon Crawl Stone Soup version 0.21-a0-260-g9b2435e (webtiles) character file.

4 polean the Grasshopper (level 1, -1/13 HPs)
             Began as a Human Wanderer on Sept 7, 2017.
             Slain by a leopard gecko (3 damage)
             ... on level 1 of the Dungeon.
             The game lasted 00:02:03 (96 turns).

polean the Grasshopper (Human Wanderer)               Turns: 96, Time: 00:02:04

Health: -1/13      AC:  2    Str: 11    XL:     1   Next: 66%
Magic:  0/2        EV: 11    Int: 13    God:
Gold:   0          SH:  0    Dex: 12    Spells: 0/2 levels left

rFire    . . .     SeeInvis .   e - +0 dagger
rCold    . . .     Gourm    .   (no shield)
rNeg     . . .     Faith    .   d - +0 robe
rPois    .         Spirit   .   (no helmet)
rElec    .         Reflect  .   (no cloak)
rCorr    .         Harm     .   (no gloves)
MR       .....                  (no boots)
Stlth    +.........             (no amulet)
HPRegen  0.04/turn              (no ring)
MPRegen  0.08/turn              (no ring)

@: no status effects
A: no striking features
a: no special abilities


You were on level 1 of the Dungeon.
You were not hungry.

You visited 1 branch of the dungeon, and saw 1 of its levels.

Inventory:

Hand Weapons
 e - a +0 dagger (weapon)
Missiles
 h - 6 tomahawks (quivered)
Armour
 d - a +0 robe (worn)
Scrolls
 g - 2 scrolls of recharging
Books
 a - a book of Minor Magic

   Spells                             Type                      Level
   a - Magic Dart                     Conjuration                  1
   b - Blink                          Translocation                2
   c - Call Imp                       Summoning                    2
   d - Slow                           Hexes                        2
   e - Conjure Flame                  Conjuration/Fire             3
   f - Mephitic Cloud                 Conjuration/Poison/Air       3
 b - the Tome of Cold

   Spells                             Type                      Level
   a - Freeze                         Ice                          1
   b - Ozocubu's Armour               Charms/Ice                   3
 c - the Reference Book on Orientation

   Spells                             Type                      Level
   a - Apportation                    Translocation                1
   b - Teleport Other                 Translocation                3
Comestibles
 f - a bread ration


   Skills:
 + Level 0.2 Fighting
 + Level 1.1 Throwing
   Level 1.0 Shields
 + Level 1.3 Spellcasting
 + Level 1.0 Conjurations
   Level 1.0 Hexes
   Level 5.0 Translocations


You couldn't memorise any spells.
You knew the following spells:

 Your Spells              Type           Power        Failure   Level  Hunger
a - Magic Dart            Conj           #...         19%         1    ##.....
b - Freeze                Ice            #...         26%         1    ##.....


Dungeon Overview and Level Annotations

Branches:
Dungeon (1/15)

Altars:


Message History

a club; a jackal corpse; a hobgoblin corpse Your magical contamination has completely faded away.
The jackal barks!
Casting: Freeze
Confirm with . or Enter, or press ? or * to list all spells.
Aiming: Magic Dart
Press: ? - help, Shift-Dir - straight line, f - leopard gecko
Aim: a leopard gecko (clinging)
The magic dart hits the leopard gecko.
The leopard gecko is moderately wounded.
The leopard gecko bites you but does no damage.
You are too injured to fight recklessly!
You are too injured to fight recklessly!
You barely miss the leopard gecko.
The leopard gecko is moderately wounded.
The leopard gecko misses you.
You hit the leopard gecko.
The leopard gecko is heavily wounded.
The leopard gecko bites you.
You die...

.. .# h#
.# .#
######.#
#h..h).#
#l####.#
#@# .#
#.# ##
#.# #.#
#.# #.#
#.# #.#
#######.#


You could see a leopard gecko and a jackal.

Vanquished Creatures
  A hobgoblin (D:1)
  A jackal (D:1)
  2 bats (D:1)
4 creatures vanquished.

Notes
Turn   | Place    | Note
-------+----------+-------------------------------------------
     0 | D:1      | polean the Human Wanderer began the quest for the Orb.
     0 | D:1      | polean set off with: a book of Minor Magic, the Tome of Cold, the Reference Book on Orientation, a +0 robe, a +0 dagger, a bread ration
     0 | D:1      | Reached XP level 1. HP: 13/13 MP: 2/2
     0 | D:1      | Identified the Tome of Cold
     0 | D:1      | Identified the Reference Book on Orientation
     2 | D:1      | Learned a level 1 spell: Magic Dart
     5 | D:1      | Learned a level 1 spell: Freeze
    96 | D:1      | Slain by a leopard gecko

Vault maps used:
D:1:      lemuel_arrival_rhombus

Action                   || total
-------------------------++-------
Melee: Dagger            ||    23
Throw: Tomahawk          ||     2
 Cast: Magic Dart        ||     3
       Freeze            ||     2
  Use: Scroll            ||     1
Armor: Robe              ||     7
Dodge: Dodged            ||    16

Table legend:
 A = Spawn XP
 B = Non-spawn XP
 C = Spawn XP percentage of total XP
 D = Spawn monster count
 E = Non-spawn monster count
 F = Spawn count percentage of total count
 G = Total turns spent on level
                    A         B        C        D         E        F      G
               +---------+---------+-------+---------+---------+-------+---------
         Total |       0 |       6 |   0.0 |       0 |       4 |   0.0 |    96
               +---------+---------+-------+---------+---------+-------+---------
           D:1 |       0 |       6 |   0.0 |       0 |       4 |   0.0 |    96
               +---------+---------+-------+---------+---------+-------+---------
